[Event "4NCL Div 1 2024-25"]
[Site "England"]
[Date "2024.11.23"]
[Round "1.1"]
[White "Golding, Alex"]
[Black "Harvey, Marcus R"]
[Result "0-1"]
[Annotator "TA"]
[ECO "B10"]
[WhiteElo "2404"]
[BlackElo "2491"]
[PlyCount "50"]
[EventDate "2024.11.23"]
[EventType "team-tourn"]
[EventCountry "ENG"]
[SourceTitle "playchess.com"]
[Source "ChessBase"]
[SourceQuality "1"]
[TimeControl "40/6000+30:3000+30"]

1. e4 c6 2. Nf3 d5 3. d3 dxe4 4. dxe4 Qxd1+ 5. Kxd1 Nf6 6. Nbd2 g6 7. Ne5 Bg7 8. Nd3 $1 {[%emt 0:04:19] White has an edge.} O-O 9. f3 Rd8 10. c3 Ne8 11. Kc2 f5 (11... b6 $11 {remains equal.}) 12. exf5 $16 Bxf5 13. g4 Bc8 14. Ne4 Nd6 15. Ndf2 Nd7 16. Bg5 {[%emt 0:05:40] [#] Strongly threatening Nxd6.} Nf6 17. Bxf6 Bxf6 18. Re1 Bh4 19. Ng3 ({Better is} 19. Re3 $11) 19... Rf8 $15 20. Bg2 b6 21. Nd3 c5 22. Re2 Ba6 23. Rd1 Rad8 24. Ne4 {[%emt 0:03:02] [#]} (24. Ree1 $15) 24... Nc4 $1 $19 25. Nef2 $2 (25. Nc1) 25... Bxf2 {[%emt 0:00:35] Weighted Error Value: White=0.44/Black=0.11 (very precise) .  Mistake:       	White=3     	Black=1      Inaccurate:     	White=4     	Black=1      OK:         	White=6     	Black=9      Best:        	White=1     	Black=2      Strong:       	White=1     	Black=1} ({Not} 25... Nxb2 26. Kxb2 Bxf2 27. Rxf2 $17) 0-1

[Event "4NCL Div 1 2024-25"]
[Site "England"]
[Date "2024.11.23"]
[Round "1.2"]
[White "Speelman, Jon S"]
[Black "Willow, Jonah B"]
[Result "1/2-1/2"]
[Annotator "TA"]
[ECO "A05"]
[WhiteElo "2499"]
[BlackElo "2454"]
[PlyCount "61"]
[EventDate "2024.11.23"]
[EventType "team-tourn"]
[EventCountry "ENG"]
[SourceTitle "playchess.com"]
[Source "ChessBase"]
[SourceQuality "1"]
[TimeControl "40/6000+30:3000+30"]

1. Nf3 Nf6 2. g3 c5 3. Bg2 Nc6 4. O-O e5 5. e4 d6 6. Re1 g6 7. c3 Bg7 8. d3 O-O 9. Nbd2 Re8 10. a3 d5 (10... b5 $11) 11. b4 cxb4 12. axb4 {[%emt 0:00:00] The position is equal.} d4 13. cxd4 Nxd4 14. Bb2 Nxf3+ 15. Nxf3 Bg4 16. Ra5 (16. Bxe5 $2 Rxe5 17. Ra4 Bxf3 18. Bxf3 b5 $19) 16... Qd6 17. Qb3 (17. Bxe5 $2 {loses.} Rxe5 (17... Qxb4 18. Qa1 $16) 18. Rxe5 Bxf3 (18... Qxb4 $2 {perishes.} 19. Qb1 $18) 19. Bxf3 Qxe5 $19) 17... Bxf3 18. Bxf3 b6 {[%emt 0:07:04] Repels d4} ({Black should play} 18... Bf8 $11 19. Rd1 b6) 19. Ra6 $14 Bf8 {[%emt 0:03:32] [#]} 20. Rea1 $1 Qxb4 21. Qxb4 Bxb4 22. Rxa7 Rad8 23. Be2 Rc8 24. Bd1 {[%emt 0:00:00] Prevents Rc2} (24. Kf1 $16) 24... Bc3 25. Bxc3 Rxc3 26. Ba4 Rd8 27. Bb5 Ne8 $1 28. Bxe8 Rxe8 29. Rd7 Re6 30. Ra2 b5 31. Rb7 {[%emt 0:00:00] Weighted Error Value: White=0.13 (very precise) /Black=0.12 (very precise) .  Mistake:       	White=1     	Black=2      Inaccurate:     	White=2     	Black=1      OK:         	White=5     	Black=5      Best:        	White=2     	Black=1      Strong:       	White=1     	Black=1} 1/2-1/2

[Event "4NCL Div 1 2024-25"]
[Site "England"]
[Date "2024.11.23"]
[Round "1.3"]
[White "Balaji, Aaravamudhan"]
[Black "Murphy, Conor E"]
[Result "0-1"]
[Annotator "TA"]
[ECO "E20"]
[WhiteElo "2377"]
[BlackElo "2444"]
[PlyCount "112"]
[EventDate "2024.11.23"]
[EventType "team-tourn"]
[EventCountry "ENG"]
[SourceTitle "playchess.com"]
[Source "ChessBase"]
[SourceQuality "1"]
[TimeControl "40/6000+30:3000+30"]

1. d4 {[%emt 0:10:08] Erigaisi,Arjun Kumar} Nf6 2. c4 e6 3. Nc3 Bb4 4. f3 d5 5. a3 Bxc3+ 6. bxc3 c6 7. e4 {[%emt 0:01:18] E20: Nimzo-Indian: 4 g3 and 4 f3.} dxe4 8. fxe4 e5 9. Nf3 Bg4 10. Qd3 Nbd7 11. dxe5 Ng8 $146 ({Predecessor:} 11... Nh5 12. Be2 O-O 13. O-O Qb6+ 14. Rf2 Rfe8 15. Be3 Qc7 16. c5 Bxf3 17. gxf3 Nxe5 {1-0 Erigaisi,A (2689)-Parligras,M (2576) Olympiad-44 Chennai 2022 (5.3)}) 12. Rb1 Ne7 13. Bg5 h6 14. Bh4 g5 15. Bf2 Ng6 16. Rxb7 Rb8 17. Qb1 Rxb7 18. Qxb7 O-O 19. Bd4 c5 20. Be3 Qa5 21. Kf2 Rb8 22. Qd5 Be6 23. Qd6 Rb6 24. Qd2 Qxa3 (24... Ngxe5 25. h4 Ng4+ (25... Qxa3 $2 26. Kg3 $19) 26. Kg3 $19) 25. Kg3 Rb3 (25... Ndxe5 26. Nxe5 Nxe5 27. h4 $11) 26. h4 $2 (26. Be2 {was necessary.} Rb2 (26... Ndxe5 $2 27. Nxe5 Nxe5 28. Rc1 $19) (26... Rxc3 $2 27. Kf2 $19) (26... Ngxe5 $2 27. Nxe5 Nxe5 28. Rc1 $19) 27. Qd1) 26... Rxc3 $19 (26... Ndxe5 $2 27. Qd8+ Nf8 28. hxg5 $18 (28. Nxe5 Rxc3 29. Bd3 Rxd3 $18) (28. Nxe5 Qa1 $18)) 27. Kf2 Qb3 28. Ne1 Ndxe5 (28... Nxh4 29. Bxg5 hxg5 30. Rxh4 gxh4 31. Qg5+ Kh8 32. Qxh4+ Kg7 33. Qg5+ Kh8 34. Qh5+ Kg7 35. Qg5+ Kh7 36. Qh5+ Kg7 37. Qg5+ $11) (28... Ngxe5 $142 29. Bxg5 Ng4+ (29... hxg5 $2 30. Qxg5+ Kf8 31. Qd8+ Kg7 32. Qg5+ Ng6 33. h5 $19) (29... Bxc4 30. Bxh6 Ng4+ 31. Kg1 $17) 30. Kg1 hxg5 31. hxg5 Rg3) 29. Be2 gxh4 (29... Nxh4 30. Qd8+ Kg7 31. Bxc5 $15) (29... Rxe3 $19 30. Qxe3 Qb2 (30... Bxc4 31. Qxb3 Bxb3 32. hxg5 $14) (30... Qxe3+ 31. Kxe3 Nf4 32. hxg5 $14)) 30. Bxc5 $2 (30. Bxh6 $17 {is the only way for White.} Kh7 (30... Nxc4 31. Qd8+ Kh7 32. Qf6) 31. Bf4) 30... Rxc4 ({Black should play} 30... Nxc4 $19 31. Qxh6 Qb8) 31. Bxc4 $17 Qg3+ (31... Bxc4 $6 32. Bd4 $11 (32. Rh3 Qb8 $11)) (31... Nxc4 $17 32. Qd3 Qa2+ 33. Kg1 Nce5) 32. Kg1 $11 Bxc4 33. Rh3 Qg4 34. Qxh6 $2 {[%emt 0:00:19][%mdl 8192] [#]} (34. Bd4 $11 {and White has nothing to worry.}) 34... Qxe4 $2 (34... Qe2 $1 $19 35. Qg5 Qxe1+ 36. Kh2 Be2 (36... Qxe4 $2 37. Qd2 $19) 37. Rxh4 Qxh4+ 38. Qxh4 Nxh4) 35. Qe3 Qf5 36. Qf2 (36. Bxa7 $2 {gets mated.} Qf1+ 37. Kh2 Ng4#) 36... Qh5 37. Bd4 Ng4 38. Qb2 Qf5 39. Nf3 (39. Bxa7 $2 Qf1#) 39... Bb5 {[%emt 0:00:25] [#]} (39... f6 $14 {is more appropriate.}) 40. Rh1 (40. Nxh4 $2 Qf1#) ({Much worse is} 40. Bxa7 $6 Nf4 41. Rxh4 (41. Nxh4 $2 {is a self mate.} Nxh3+ 42. Kh1 Qf1+) 41... Ne2+ 42. Kh1 Ng3+ 43. Kg1 Ne2+ 44. Kh1 Ng3+ 45. Kg1 Ne2+ $11) (40. Kh1 $1 $16) 40... Qd3 $11 41. Qc1 Bc6 42. Rxh4 Nxh4 43. Qg5+ Ng6 44. Qxg4 Qd1+ 45. Kh2 Bxf3 46. gxf3 Qd2+ 47. Kg1 a5 48. Qc8+ Kh7 49. Qh3+ Qh6 50. Qd7 (50. Qxh6+ {simplifies} Kxh6 51. Kf2 Kg5 52. Ke3) 50... Qf4 51. Qh3+ Qh4 (51... Kg8 {seems wilder.} 52. Qg4 a4 53. Qxf4 Nxf4 54. Kf2 a3) 52. Qxh4+ Nxh4 53. Kf2 Kg6 54. Bc5 $1 Kf5 55. Ke3 Ke5 56. Be7 $2 (56. Kd3 $11) 56... Nf5+ 0-1

[Event "4NCL Div 1 2024-25"]
[Site "England"]
[Date "2024.11.23"]
[Round "1.4"]
[White "Wadsworth, Matthew J"]
[Black "Czopor, Maciej"]
[Result "1/2-1/2"]
[Annotator "RC"]
[ECO "A38"]
[WhiteElo "2461"]
[BlackElo "2383"]
[PlyCount "117"]
[EventDate "2024.11.23"]
[EventType "team-tourn"]
[EventCountry "ENG"]
[SourceTitle "playchess.com"]
[Source "ChessBase"]
[SourceQuality "1"]
[TimeControl "40/6000+30:3000+30"]

1. d4 Nf6 2. c4 g6 3. g3 Bg7 4. Bg2 O-O 5. Nc3 c5 6. Nf3 cxd4 7. Nxd4 Nc6 8. O-O Qa5 9. Nc2 d6 10. Bd2 Qh5 11. e4 Bg4 12. f3 Bh3 13. Ne3 Bxg2 14. Kxg2 Qa5 15. Ncd5 Qd8 16. Rc1 Rc8 17. Bc3 Nxd5 18. exd5 Ne5 19. Qe2 Re8 20. f4 Nd7 21. f5 Ne5 22. Ng4 Nxg4 23. Qxg4 Bxc3 24. Rxc3 Qd7 25. Qh4 gxf5 26. g4 f6 27. Rxf5 Rf8 28. Rf4 Rf7 29. Rg3 Rg7 30. g5 f5 31. Rgf3 Rf8 32. Qg3 h6 33. h4 e5 34. dxe6 Qxe6 35. Re3 Qg6 36. Kf2 hxg5 37. hxg5 Qxg5 38. Qxg5 Rxg5 39. Re6 Rh5 40. b3 Rh2+ 41. Kg3 Rxa2 42. Rxd6 Rb2 43. Rf3 Rf7 44. Kf4 Re2 45. Re3 Rf2+ 46. Rf3 Rxf3+ 47. Kxf3 Kf8 48. Kf4 Ke7 49. Rd5 Ke6 50. b4 a6 51. Re5+ Kd6 52. Rxf5 Rxf5+ 53. Kxf5 a5 54. bxa5 Kc5 55. Ke6 Kxc4 56. Kd6 Kb5 57. Kc7 Ka6 58. Kb8 Kxa5 59. Kxb7 1/2-1/2

[Event "4NCL Div 1 2024-25"]
[Site "England"]
[Date "2024.11.23"]
[Round "1.6"]
[White "Zhou, Yang-Fan"]
[Black "Derakhshani, Borna"]
[Result "1/2-1/2"]
[Annotator "TA"]
[ECO "A06"]
[WhiteElo "2418"]
[BlackElo "2355"]
[PlyCount "48"]
[EventDate "2024.11.23"]
[EventType "team-tourn"]
[EventCountry "ENG"]
[SourceTitle "playchess.com"]
[Source "ChessBase"]
[SourceQuality "1"]
[TimeControl "40/6000+30:3000+30"]

1. b3 d5 2. Bb2 Nf6 3. Nf3 c6 4. d3 a5 5. a3 Bf5 6. Nh4 Bd7 7. g3 Qc8 (7... a4 $11 {is more appropriate.}) 8. Bg2 $14 {[%emt 0:05:54] White is slightly better.} Bh3 9. O-O Bxg2 10. Kxg2 e6 {[%emt 0:13:13] Prevents e4} 11. Nd2 Be7 12. e4 c5 13. exd5 Nxd5 {[%emt 0:04:00] [#]} 14. Qg4 $1 (14. Bxg7 Rg8 15. Be5 (15. Qg4 $2 Qc6 $19) 15... Bxh4 $19) 14... Qc6 {[%emt 0:04:08] Threatens to win with ...Ne3+.} 15. Nhf3 (15. Qxg7 $2 Nf4+ 16. Kg1 Nh3#) 15... Rg8 (15... Bf6 $2 16. Bxf6 gxf6 17. Qg7 $18) 16. Kg1 {[%emt 0:11:09] White is more active.} (16. Bxg7 $2 {loses.} Nf6 (16... Bf6 $2 17. Ne4 $19) 17. Qf4 (17. Qg5 $2 Ne4 $19) 17... Rxg7 $19) 16... Nd7 {[%emt 0:00:07] Prevents Ne5} 17. Qe4 (17. Bxg7 $2 {is the wrong capture.} Bf6 (17... h5 $2 18. Qxh5 Rxg7 19. Qh8+ Bf8 20. Qh4 $19) 18. c4 Nc3 $19 (18... Rxg7 19. cxd5 Qxd5 20. Qf4 $17)) 17... Bf6 (17... a4 $14) 18. Qxh7 $16 O-O-O 19. Bxf6 gxf6 20. Qh4 ({White should play} 20. Qxf7 $18 {Hoping for Qh7.} Rdf8 21. Qh7) 20... f5 21. Ng5 ({White should try} 21. Qa4 $16) 21... f6 $11 {[%emt 0:02:47] The position is equal.} 22. Ngf3 Rg4 23. Qh6 Rdg8 24. Rfe1 Nf4 {[%emt 0:01:31] Weighted Error Value: White=0.17 (very precise) /Black=0.15 (very precise) .  Mistake:       	White=2     	Black=2      Inaccurate:     	White=2     	Black=1      OK:         	White=8     	Black=8      Best:        	White=1     	---        Strong:       	White=1     	---} 1/2-1/2

[Event "4NCL Div 1 2024-25"]
[Site "England"]
[Date "2024.11.23"]
[Round "1.7"]
[White "Stoyanov, Viktor"]
[Black "Haydon, David L"]
[Result "0-1"]
[Annotator "RC"]
[ECO "E12"]
[WhiteElo "2242"]
[BlackElo "2294"]
[PlyCount "120"]
[EventDate "2024.11.23"]
[EventType "team-tourn"]
[EventCountry "ENG"]
[SourceTitle "playchess.com"]
[Source "ChessBase"]
[SourceQuality "1"]
[TimeControl "40/6000+30:3000+30"]

1. d4 Nf6 2. c4 e6 3. Nf3 b6 4. a3 Bb7 5. Nc3 d5 6. cxd5 Nxd5 7. e3 Nd7 8. Bd3 c5 9. Nxd5 Bxd5 10. e4 Bb7 11. d5 exd5 12. exd5 Bd6 13. Bg5 Qc7 14. O-O O-O 15. Bc2 Ne5 16. h3 Nxf3+ 17. Qxf3 Be5 18. Rab1 Qd6 19. Rfe1 Rfe8 20. Be4 g6 21. Qd3 Bd4 22. Be3 Bg7 23. b3 Rad8 24. Rbd1 Re7 25. Bf3 Rde8 26. Bd2 Bd4 27. Rxe7 Rxe7 28. Bg5 Rd7 29. Re1 Be5 30. Qe3 f6 31. Bh6 Bxd5 32. Rd1 Qe6 33. Bg4 f5 34. Bf3 Kf7 35. Bxd5 Rxd5 36. Re1 Qd7 37. Qe2 Bc3 38. Rc1 Bd4 39. Qf3 Re5 40. Bf4 Re4 41. Bd2 Qe6 42. Kf1 Qe5 43. g3 h5 44. a4 Qd5 45. Bf4 Re1+ 46. Kg2 Qxf3+ 47. Kxf3 Rxc1 48. Bxc1 Ke6 49. g4 fxg4+ 50. hxg4 hxg4+ 51. Kxg4 Bxf2 52. Kg5 Kd5 53. Kxg6 c4 54. bxc4+ Kxc4 55. Bd2 Bd4 56. Kf5 Bc3 57. Bf4 Kb3 58. Bb8 a5 59. Bc7 Bd4 60. Ke4 Bg1 0-1

[Event "4NCL Div 1 2024-25"]
[Site "England"]
[Date "2024.11.23"]
[Round "1.8"]
[White "Toma, Katarzyna"]
[Black "Kalaiyalahan, Akshaya"]
[Result "1-0"]
[Annotator "RC"]
[ECO "B30"]
[WhiteElo "2184"]
[BlackElo "2130"]
[PlyCount "123"]
[EventDate "2024.11.23"]
[EventType "team-tourn"]
[EventCountry "ENG"]
[SourceTitle "playchess.com"]
[Source "ChessBase"]
[SourceQuality "1"]
[TimeControl "40/6000+30:3000+30"]

1. e4 c5 2. Nc3 Nc6 3. Bb5 Nd4 4. Nf3 a6 5. Bd3 e6 6. O-O Ne7 7. b3 Nec6 8. Bb2 Be7 9. Nxd4 cxd4 10. Ne2 d5 11. Re1 dxe4 12. Bxe4 Bf6 13. Ng3 O-O 14. Nh5 Bg5 15. c3 g6 16. Ng3 Ne7 17. Qf3 Rb8 18. Ne2 dxc3 19. dxc3 e5 20. Rad1 Qa5 21. c4 f5 22. Bc3 Qc7 23. Bd5+ Kg7 24. Nf4 Bf6 25. Qe3 e4 26. Bxf6+ Rxf6 27. f3 Nc6 28. Rf1 exf3 29. Qxf3 Ne5 30. Qg3 Qb6+ 31. Kh1 Nf7 32. Rde1 Qd6 33. h3 Nh6 34. Re8 Nf7 35. Nh5+ Kh6 36. Qe3+ Kxh5 37. Bf3+ Kh4 38. Be2 f4 39. Re4 Kg5 40. Rexf4 Rxf4 41. Rxf4 Qxf4 42. h4+ Kf5 43. g4+ Qxg4 44. Bxg4+ Kxg4 45. Qe4+ Kg3 46. Qg2+ Kxh4 47. Qh2+ Kg4 48. Qxb8 Bf5 49. Qxb7 Ng5 50. Qg2+ Kf4 51. Qd2+ Kg4 52. Kg2 Be4+ 53. Kf2 h5 54. Qd1+ Kf4 55. Qd6+ Kg4 56. Qg3+ Kf5 57. Ke3 Ne6 58. c5 g5 59. Qh3+ g4 60. Qxh5+ Ng5 61. Qxg5+ Kxg5 62. Kxe4 1-0

[Event "4NCL Div 1 2024-25"]
[Site "England"]
[Date "2024.11.23"]
[Round "1.9"]
[White "Erdos, Viktor"]
[Black "Larkin, Vladyslav"]
[Result "1-0"]
[Annotator "TA"]
[ECO "E49"]
[WhiteElo "2533"]
[BlackElo "2455"]
[PlyCount "109"]
[EventDate "2024.11.23"]
[EventType "team-tourn"]
[EventCountry "ENG"]
[SourceTitle "playchess.com"]
[Source "ChessBase"]
[SourceQuality "1"]
[TimeControl "40/6000+30:3000+30"]

1. d4 Nf6 2. c4 e6 3. Nc3 Bb4 4. e3 O-O 5. Bd3 d5 6. a3 Bxc3+ 7. bxc3 c5 8. cxd5 exd5 9. Ne2 Qc7 10. O-O {[%emt 0:01:18] E49: Nimzo-Indian: Rubinstein: 5 Bd3 d5 6 a3 Bxc3+ 7 bxc3.} b6 11. f3 Re8 12. Ra2 Ba6 13. Ng3 cxd4 14. cxd4 Qc3 15. Bxa6 Nxa6 16. Rc2 $5 $146 {[%emt 0:00:18][%mdl 8] An interesting novelty.} ({Predecessor:} 16. Re2 Rad8 17. Bb2 Qc4 18. e4 dxe4 19. fxe4 Nc5 20. Rxf6 gxf6 21. Rc2 Qe6 22. Re2 {0-1 Abdukhakimov,A (2271)-Vasquez Schroder,R (2475) Titled Tuesday intern op 02nd Jul Early blitz 2024 (10)}) 16... Qb3 17. e4 Nd7 18. Nf5 f6 19. Ne7+ Kh8 20. Nxd5 f5 21. Bb2 Rad8 22. Re2 Qb5 23. Rfe1 Nf8 24. a4 (24. exf5 $2 Rxe2 (24... Rxd5 $2 25. Rxe8 Kg8 26. Qc2 $18) 25. Qxe2 Rxd5 26. Qxb5 Rxb5 $19) 24... Qd7 25. Qd3 Nb8 26. Qb5 (26. exf5 Rxe2 27. Qxe2 Qxd5 $17) 26... Qf7 27. h3 Ng6 28. exf5 Rxe2 29. Rxe2 Nh4 $2 (29... Qxf5 30. Nc7 Qxb5 31. axb5 Kg8) 30. Ne7 $18 Nd7 31. Nc6 Rf8 32. Ne5 (32. Re7 $142 Qh5 33. Rxd7 Nxf5 34. Ne7 (34. Rxa7 Qg5 $18)) 32... Nxe5 $18 33. dxe5 (33. Qxe5 Qxf5 34. d5 Qxe5 35. Bxe5 (35. Rxe5 Kg8 $18) 35... h6 $18) 33... Qxf5 34. e6 Qxb5 35. axb5 Kg8 36. Rd2 Re8 37. Rd7 Rxe6 38. Rxg7+ (38. Bxg7 Rg6 39. Bd4 Nxf3+ 40. Kf2 Nxd4 41. Rxd4 Rg5 $16) 38... Kf8 39. Kf2 (39. Rxa7 Re2 $18) (39. Rxh7 Nxg2 40. Kf2 (40. Rh8+ Kf7 $16) 40... Ne3 $18) 39... Ng6 40. Rxh7 (40. Rxa7 Nf4 41. Kg3 (41. Rxh7 Nd3+ 42. Kg3 Nxb2 $11) 41... Nd3 $18) 40... Nf4 41. Ba3+ (41. Rxa7 Nd3+ 42. Kg3 Nxb2 $11) 41... Kg8 42. Rxa7 Re2+ 43. Kg3 Nxg2 (43... Nd5 $142 44. Bc1 Nc3 45. Ra8+ Kf7) 44. f4 $18 (44. Rb7 Ne3 45. Kf4 (45. Rxb6 Rg2+ 46. Kh4 Nf5+ 47. Kh5 Ng7+ 48. Kh4 Nf5+ 49. Kh5 Ng7+ 50. Kh6 Nf5+ 51. Kh5 $11) 45... Nd5+ 46. Kf5 Ne3+ 47. Ke4 Nf1+ 48. Kf4 Ne3 $18) 44... Ra2 45. f5 Ne3 46. f6 Nf5+ 47. Kf4 Nh6 48. Rg7+ Kh8 49. Be7 Rf2+ 50. Ke4 Ng8 51. Kd5 Rf5+ 52. Ke6 Rf3 53. Rg5 Nh6 54. Rh5 Re3+ 55. Kd7 1-0

[Event "4NCL Div 1 2024-25"]
[Site "England"]
[Date "2024.11.23"]
[Round "1.10"]
[White "Jogstad, Martin"]
[Black "Royal, Shreyas"]
[Result "0-1"]
[Annotator "TA"]
[ECO "A09"]
[WhiteElo "2379"]
[BlackElo "2520"]
[PlyCount "80"]
[EventDate "2024.11.23"]
[EventType "team-tourn"]
[EventCountry "ENG"]
[SourceTitle "playchess.com"]
[Source "ChessBase"]
[SourceQuality "1"]
[TimeControl "40/6000+30:3000+30"]

1. c4 Nf6 2. g3 e6 3. Bg2 d5 4. Nf3 d4 5. d3 c5 6. O-O Nc6 7. e3 h6 8. Re1 Bd6 $1 9. Na3 {[%emt 0:03:40] The position is equal.} O-O 10. Nb5 Bb8 11. exd4 cxd4 12. c5 e5 13. Nd2 a6 14. Na3 Bc7 15. Nac4 Re8 16. a3 Be6 17. Qc2 ({White should play} 17. b4 $11) 17... Bd5 18. Ne4 Nxe4 19. Bxe4 Bxe4 20. Rxe4 Qd5 21. Nd2 f5 22. Re1 {[%emt 0:00:56] [#]} e4 $1 23. dxe4 d3 24. Qc4 {[%emt 0:03:30] White is now going downhill.} ({White should try} 24. Kf1 $15 Rxe4 (24... fxe4 25. Qb3 $11) 25. Qb3 Rxe1+ 26. Kxe1 Re8+ 27. Kf1 Qxb3 28. Nxb3) 24... Qxc4 $17 25. Nxc4 {[%emt 0:00:07] [#]} Nd4 $1 (25... fxe4 26. Be3 $17) (25... Rxe4 26. Rxe4 fxe4 27. Be3 $11) 26. Rd1 Rxe4 {[%emt 0:01:41] Black is more active.} 27. Ne3 (27. Rxd3 $2 Nc2 28. Rb1 Rxc4 $19) (27. Nd2 $17 {is a better defense.}) 27... Nb3 28. Rb1 {[%emt 0:00:19] [#]} Rd8 {[%emt 0:00:17] ...d2 is the strong threat.} (28... Nxc5 29. b4 Ne6 30. Rb3 $16) 29. Bd2 f4 ({Don't play} 29... Nxc5 30. Rbc1 Ne6 31. Nxf5 $17) 30. gxf4 Bxf4 {[%emt 0:01:14][%cal Ob3d2] aiming for ...Nxd2!} ({Less strong is} 30... Nxc5 31. Rbc1 Bd6 32. Ba5 $15) 31. Nf1 Nxc5 32. Rbc1 Ne6 33. f3 $2 (33. Ng3 {is more resistant.} Re5 34. Kg2) 33... Re2 $19 {[%emt 0:00:37] White is weak on the dark squares} 34. Kh1 Bxd2 35. Rxd2 Nf4 36. Rc4 g5 {[%emt 0:00:04] And now ...Rde8 would win.} 37. Re4 Rc8 {[%emt 0:00:27] ( -> ...Rc1)} 38. h4 Rc1 {[%emt 0:00:23][%cal Rc1f1] Black mates.} 39. Kg1 Nh3+ 40. Kh1 Rxf1# {[%emt 0:00:38] Weighted Error Value: White=0.52/Black=0.06 (flawless) .  Mistake:       	White=4     	---        Inaccurate:     	White=3     	Black=3      OK:         	White=11    	Black=14     Best:        	White=1     	Black=2      Strong:       	---       	Black=2} 0-1

[Event "4NCL Div 1 2024-25"]
[Site "England"]
[Date "2024.11.23"]
[Round "1.11"]
[White "Csonka, Balazs"]
[Black "Maycock Bates, David Henry"]
[Result "1-0"]
[Annotator "TA"]
[ECO "E04"]
[WhiteElo "2473"]
[BlackElo "2290"]
[PlyCount "71"]
[EventDate "2024.11.23"]
[EventType "team-tourn"]
[EventCountry "ENG"]
[SourceTitle "playchess.com"]
[Source "ChessBase"]
[SourceQuality "1"]
[TimeControl "40/6000+30:3000+30"]

1. d4 Nf6 2. c4 e6 3. Nf3 d5 4. g3 dxc4 5. Bg2 a6 6. Ne5 Bb4+ 7. Nc3 {[%emt 0:00:13] Qa4+ would now be deadly.} Nd5 8. O-O {[%emt 0:01:34] Threatens to win with Nxd5.} Nxc3 {[%emt 0:00:11] The position is equal.} 9. bxc3 Bxc3 10. Rb1 Qxd4 11. Qa4+ b5 12. Qa3 Qxe5 13. Bf4 Qf6 (13... Qxe2 $2 14. Qxc3 (14. Bxa8 Bf6 $14) 14... O-O 15. Bxa8 $18) 14. Bxc7 $1 (14. Bxa8 e5 15. Qxc3 exf4 $17) 14... b4 15. Qa5 O-O 16. Bxa8 e5 $1 17. Qc5 {[%emt 0:01:36][%cal Oc5c4] Repels Nc6} (17. Qd5 $5) 17... Bf5 {[%emt 0:13:34] And now ...Nd7 would win.} 18. Qxc4 $1 Bxb1 19. Rxb1 a5 {[%emt 0:00:55] White stays focused until the end.} 20. Bxa5 $16 {[%emt 0:28:07] White has more active pieces.} Qa6 {[%emt 0:01:49] Prevents Bb7} 21. Qxa6 Nxa6 22. Bb7 Nc5 23. Bd5 ({Much weaker is} 23. Bxb4 $6 Bxb4 24. Rxb4 Rb8 $11) 23... g6 {[%emt 0:05:32] [#]} 24. a3 $1 Rb8 25. axb4 {[%emt 0:01:13] Hoping for Rc1.} ({Reject} 25. Bxb4 $6 Na6 $11) 25... Na6 {[%emt 0:00:22] [#]} 26. Bc4 $1 Nxb4 (26... Nc5 27. Rc1 Na4) 27. Rb3 $18 Bd2 28. Kf1 h5 29. e3 {[%emt 0:00:59] White is clearly winning.} h4 30. gxh4 Kg7 31. Ke2 Rh8 32. Kxd2 Nc6 33. Bc3 Rxh4 34. Bd5 Ne7 35. Bxe5+ f6 36. Bg3 {[%emt 0:00:16] Weighted Error Value: White=0.02 (flawless) /Black=0.24 (precise) .  Mistake:       	---       	Black=2      Inaccurate:     	---       	Black=2      OK:         	White=16    	Black=9      Best:        	White=3     	Black=2      Strong:       	White=3     	Black=1} 1-0

[Event "4NCL Div 1 2024-25"]
[Site "England"]
[Date "2024.11.23"]
[Round "1.12"]
[White "Large, Peter G"]
[Black "Jaracz, Pawel"]
[Result "1/2-1/2"]
[Annotator "TA"]
[ECO "B35"]
[WhiteElo "2303"]
[BlackElo "2473"]
[PlyCount "46"]
[EventDate "2024.11.23"]
[EventType "team-tourn"]
[EventCountry "ENG"]
[SourceTitle "playchess.com"]
[Source "ChessBase"]
[SourceQuality "1"]
[TimeControl "40/6000+30:3000+30"]

1. e4 c5 2. Nc3 Nc6 3. Nf3 g6 4. d4 cxd4 5. Nxd4 Bg7 6. Be3 Nf6 7. Bc4 Qa5 8. O-O O-O 9. Bb3 d6 10. h3 Bd7 11. f4 Rac8 12. Qf3 Qh5 13. Rad1 Nxd4 14. Bxd4 Qxf3 15. Rxf3 {[%emt 0:00:12][%cal Oe4e5] [#] Threatens to win with e5!} Bc6 16. Nd5 Bxd5 17. exd5 a6 18. Re3 Rfe8 {[%emt 0:00:26] The position is equal.} 19. c3 Nd7 20. g4 Bxd4 21. Rxd4 b5 22. g5 Nb6 23. h4 a5 {[%emt 0:01:36] A rather calm draw.   Weighted Error Value: White=0.09 (flawless) /Black=0.06 (flawless) .  OK:         	White=1     	Black=6      Best:        	---       	Black=1} 1/2-1/2